 Dungeon Crawl Stone Soup version 0.14-a0-1689-g99b8db2 (webtiles) character file.

802 Nicoed the Cleaver (level 7, -7/57 HPs)
             Began as a White Draconian Berserker on Dec 30, 2013.
             Was an Elder of Trog.
             Blown up by a hobgoblin (11 damage)
             ... with a wand of disintegration
             ... on Level 4 of the Dungeon.
             The game lasted 00:11:50 (3308 turns).

Nicoed the Cleaver (White Draconian Berserker)      Turns: 3308, Time: 00:11:51

HP  -7/57        AC  8     Str 22      XL: 7   Next: 34%
MP   7/7         EV 11     Int 12      God: Trog [****..]
Gold 121         SH  6     Dex 10      Spells:  0 memorised,  6 levels left

rFire  . . .     SeeInvis .     l - +0 hand axe
rCold  + . .     Clarity  .     (armour unavailable)
rNeg   . . .     Conserve .     j - +0 buckler
rPois  .         rCorr    .     (helmet restricted)
rElec  .         rRot     .     h - +1 dwarf cloak
SustAb . .       Spirit   .     (no gloves)
rMut   .         Warding  .     (no boots)
Saprov . . .     Stasis   .     (no amulet)
                                (no ring)
                                (no ring)

@: brilliant, slightly resistant to hostile enchantments, unstealthy
A: breathe frost, unfitting armour, cold resistance 1, AC +6
a: Breathe Frost, Burn Spellbooks, Berserk, Trog's Hand, Brothers in Arms,
Renounce Religion


You were on level 4 of the Dungeon.
You worshipped Trog.
Trog was greatly pleased with you.
You were very full.

You visited 1 branch of the dungeon, and saw 4 of its levels.

You collected 121 gold pieces.

Inventory:

Hand weapons
 l - a +0,+0 hand axe (weapon)
Armour
 h - a +1 dwarven cloak (worn)
 j - a +0 buckler (worn)
Magical devices
 u - a wand of hasting (4) {unknown}
Comestibles
 p - an apple
Scrolls
 c - a scroll of magic mapping {unknown}
 d - 5 scrolls of identify {unknown}
 e - 3 scrolls of remove curse {unknown}
 f - a scroll of random uselessness {unknown}
 k - 3 scrolls of teleportation {unknown}
 m - a scroll of enchant weapon II {unknown}
 n - 3 scrolls of noise {unknown}
 q - a scroll of curse armour {unknown}
 t - a scroll of enchant weapon I {unknown}
Jewellery
 b - an uncursed ring of positive energy {unknown}
Potions
 a - a potion of might {unknown}
 g - 4 potions of curing {unknown}
 i - a potion of invisibility {unknown}
 r - a potion of agility {unknown}


   Skills:
 - Level 3.2 Fighting
 + Level 8.6 Axes
 - Level 2.6 Dodging
 - Level 0.4 Shields


You had 6 spell levels left.
You didn't know any spells.

Dungeon Overview and Level Annotations

Branches:
Dungeon (4/16)             Temple (0/1) D:4

Altars:
Elyvilon
Fedhas
Sif Muna


Innate Abilities, Weirdness & Mutations

You can breathe waves of freezing cold.
You can buffet flying creatures when you breathe cold.
Your icy white scales are hard (AC +6).
Your body does not fit into most forms of armour.
Your cold-blooded metabolism reacts poorly to cold.
Your flesh is cold resistant.


Message History

You hit the orc. You tail-slap the orc.
You kill the orc!
Trog accepts your kill.
The hobgoblin zaps a wand.
You are blasted!
The hobgoblin zaps a wand.
You are blasted!
* * * LOW HITPOINT WARNING * * *
Items here: % ))) [[ You are too injured to fight recklessly!
You are too injured to fight recklessly!
You are too injured to fight recklessly!
You are too injured to fight recklessly!
You are too injured to fight recklessly!
You are too injured to fight recklessly!
You are too injured to fight recklessly!
Unknown command.
You feel clever all of a sudden.
It was a potion of brilliance.
The hobgoblin zaps a wand.
You are blasted!
* * * LOW HITPOINT WARNING * * *
The hobgoblin zaps a wand.
You are blasted!
You die...

####.#### #.#
........########'#####
..........#..........#
........#.+......)...#
........# #..........#
...>....# #..........#
........# #..........#
........# #..........#
#.####### ######@#####
#...### #)# ###...#
#g# #####.## .o#
.......# #.## #......#
.. #.........# ..>
#......##..# ...
+......# ..#...


You could see an orc and a hobgoblin.

Vanquished Creatures
  A hippogriff (D:3)
  An ogre (D:4)
  A centaur (D:4)
  The ghost of wojtek the Cudgeler, an average TeGl (D:3)
  A hound (D:4)
  3 orc wizards
  2 worker ants (D:4)
  Jessica (D:4)
  A hound skeleton (D:4)
  A giant mite (D:4)
  4 adders
  5 giant geckos
  5 orcs
  2 ball pythons (D:3)
  6 giant cockroaches
  10 goblins
  9 hobgoblins
  3 kobolds
  A quokka (D:2)
  11 bats
  10 giant newts
  5 jackals
  8 rats
92 creatures vanquished.

Notes
Turn   | Place    | Note
--------------------------------------------------------------
     0 | D:1      | Nicoed, the Draconian Berserker, began the quest for the Orb.
     0 | D:1      | Reached XP level 1. HP: 19/19 MP: 1/1
   481 | D:1      | Reached XP level 2. HP: 24/26 MP: 2/2
   654 | D:2      | Reached skill level 4 in Axes
   656 | D:2      | Reached XP level 3. HP: 23/31 MP: 3/3
   687 | D:2      | Acquired Trog's second power
  1532 | D:3      | Reached skill level 5 in Axes
  1532 | D:3      | Reached XP level 4. HP: 19/38 MP: 4/4
  1724 | D:3      | Noticed a hippogriff
  1732 | D:3      | Killed a hippogriff
  1732 | D:3      | Reached skill level 6 in Axes
  1732 | D:3      | Reached XP level 5. HP: 45/45 MP: 5/5
  2153 | D:3      | Noticed wojtek's ghost (average TeGl)
  2163 | D:3      | Killed wojtek's ghost
  2163 | D:3      | Reached XP level 6. HP: 36/51 MP: 6/6
  2203 | D:3      | Found a blossoming altar of Fedhas.
  2631 | D:4      | Reached skill level 7 in Axes
  2707 | D:4      | Found a white marble altar of Elyvilon.
  2951 | D:4      | Found a staircase to the Ecumenical Temple.
  3084 | D:4      | Acquired Trog's third power
  3089 | D:4      | Reached skill level 8 in Axes
  3089 | D:4      | Your scales start taking on an icy white colour.
  3089 | D:4      | Gained mutation: Your flesh is cold resistant. [draconian maturity]
  3089 | D:4      | Reached XP level 7. HP: 52/57 MP: 7/7
  3127 | D:4      | Noticed Jessica
  3143 | D:4      | Found a deep blue altar of Sif Muna.
  3149 | D:4      | Killed Jessica
  3308 | D:4      | Blown up by a hobgoblin

Action                   |  1- 3 |  4- 6 |  7- 9 || total
-------------------------+-------+-------+-------++-------
Melee: Hand axe          |   115 |   142 |    75 ||   332
Invok: Berserk           |     1 |     3 |       ||     4
  Use: Potion            |       |       |     1 ||     1
 Stab: Sleeping          |       |       |     1 ||     1
